Map: Ever Dream LE

Players

LiquidMaNa (MaNa)

  • Race: Protoss Protoss
  • League: Grandmaster
  • Spawn Location: 1:00

Reynor - Winner!

  • Race: Zerg Zerg
  • League: Master
  • Spawn Location: 7:00

Event: DreamHack SC2 Masters 2020 Fall

VOD

Have the link to the VOD?

Description

Time

  • Played on: Sept. 8, 2020, 12:53 p.m.
  • Length: 13:36

All games in this series

Show
View Real Time Build Order
Export as new Build Order

LiquidMaNa Protoss 

Build Orders: 1 Gate Expand, Archon Immortal 

Get SALT Encoding   

  12  0:00  Probe  
  13  0:12  Probe  
  14  0:18  Pylon  
  14  0:24  Probe (Chrono Boost)  
  15  0:36  Probe (Chrono Boost)  
  15  0:42  Gateway  
  16  0:45  Probe (Chrono Boost)  
  16  0:49  Assimilator  
  17  0:54  Probe  
  18  1:07  Probe  
  19  1:29  Cybernetics Core  
  19  1:33  Nexus  
  19  1:36  Probe  
  20  1:45  Assimilator  
  20  1:48  Probe  
  20  1:53  Pylon  
  21  2:00  Probe  
  22  2:09  Adept (Chrono Boost)  
  22  2:14  Pylon  
  24  2:17  Warp Gate  
  24  2:22  Pylon  
  23  2:25  Probe  
  23  2:29  Adept (Chrono Boost)  
  27  2:37  Probe  
  27  2:46  Twilight Council  
  27  2:49  Probe  
  28  2:54  Stalker  
  30  3:01  Probe x2  
  32  3:11  Robotics Facility  
  32  3:14  Probe (Chrono Boost)  
  32  3:16  Probe (Chrono Boost)  
  34  3:25  Probe (Chrono Boost)  
  35  3:30  Gateway  
  35  3:33  Probe x2  
  34  3:36  Resonating Glaives (Chrono Boost)  
  36  3:45  Probe x2  
  38  3:49  Gateway  
  38  3:55  Gateway  
  38  4:02  Warp Prism (Chrono Boost)  
  40  4:10  Adept  
  42  4:21  Gateway x2  
  42  4:27  Adept  
  42  4:29  Probe  
  42  4:31  Adept  
  47  4:33  Probe  
  47  4:38  Pylon  
  48  4:41  Probe  
  49  4:45  Probe  
  49  4:48  Observer  
  51  4:56  Adept x3  
  51  4:57  Adept  
  59  5:00  Pylon  
  59  5:03  Pylon  
  59  5:05  Probe  
  60  5:09  Dark Shrine  
  60  5:21  Adept x2  
  60  5:22  Adept x2  
  68  5:31  Probe, Pylon  
  65  5:39  Adept  
  65  5:40  Adept  
  65  5:41  Probe  
  70  5:43  Probe  
  70  5:44  Assimilator  
  70  5:45  Adept  
  70  5:47  Assimilator  
  72  5:57  Immortal (Chrono Boost)  
  72  5:58  Probe x2  
  78  6:10  Probe x2  
  80  6:20  Adept x2  
  80  6:22  Probe x2  
  86  6:33  Nexus  
  86  6:36  Pylon  
  86  6:50  Pylon  
  86  6:54  Dark Templar, Immortal (Chrono Boost), Probe x2  
  91  6:55  Dark Templar  
  87  7:04  Pylon  
  87  7:05  Pylon  
  87  7:08  Probe x2  
  89  7:10  Forge  
  89  7:17  Pylon  
  89  7:18  Sentry  
  89  7:20  Dark Templar, Probe x2  
  93  7:23  Dark Templar x2  
  93  7:26  Dark Templar  
  99  7:32  Nexus  
  99  7:33  Probe  
  99  7:35  Pylon  
  99  7:37  Probe  
  101  7:45  Immortal (Chrono Boost), Probe  
  101  7:49  Probe  
  105  7:53  Protoss Ground Weapons Level 1 (Chrono Boost), Pylon  
  105  7:57  Probe  
  106  8:01  Probe  
  107  8:10  Probe  
  108  8:13  Sentry, Probe  
  108  8:14  Sentry x3  
  117  8:20  Charge (Chrono Boost)  
  117  8:22  Gateway, Probe  
  117  8:24  Gateway  
  117  8:25  Probe  
  119  8:30  Pylon  
  119  8:36  Immortal (Chrono Boost)  
  123  8:41  Archon  
  123  8:42  Archon  
  123  8:44  Pylon  
  123  8:46  Assimilator, Pylon  
  123  8:48  Assimilator  
  123  8:57  Dark Templar x2  
  123  9:02  Pylon  
  127  9:08  Stalker x3  
  133  9:13  Immortal (Chrono Boost)  
  137  9:32  Stalker x2  
  137  9:33  Archon, Stalker x2  
  145  9:41  Shield Battery  
  145  9:45  Blink (Chrono Boost)  
  145  9:46  Immortal  
  149  9:57  Stalker x3  
  155  10:00  Gateway  
  155  10:01  Gateway  
  155  10:10  Protoss Shields Level 1 (Chrono Boost)  
  155  10:14  Stalker x2  
  159  10:24  Stalker  
  159  10:25  Stalker x3  
  149  10:37  Immortal (Chrono Boost), Stalker  
  151  10:45  Shield Battery  
  151  10:55  Stalker x3  
  151  10:56  Stalker x3  
  163  11:03  Stalker x2  
  167  11:12  Immortal (Chrono Boost)  
  169  11:23  Dark Templar x2  
  156  11:40  Dark Templar  
  156  11:44  Archon  
  158  11:48  Warp Prism (Chrono Boost)  
  160  12:00  Stalker x8  
  160  12:01  Stalker  
  178  12:04  Pylon  
  178  12:05  Pylon  
  178  12:17  Photon Cannon  
  178  12:18  Stalker  
  180  12:26  Observer  
  157  12:38  Zealot x2  
  157  12:44  Zealot x6  
  126  13:06  Stalker  
  126  13:09  Dark Templar x4  
  134  13:14  Archon x2  
  134  13:15  Sentry x2  
Show
View Real Time Build Order
Export as new Build Order

Reynor Zerg - Winner!

Build Orders: Pool First 

Get SALT Encoding   

  12  0:00  Drone  
  13  0:12  Overlord  
  13  0:16  Drone  
  14  0:30  Drone x2  
  16  0:40  Spawning Pool  
  15  0:43  Drone  
  16  0:54  Drone  
  17  1:12  Hatchery  
  16  1:27  Zergling x6  
  16  1:28  Queen  
  21  1:35  Extractor  
  21  1:38  Drone  
  21  1:49  Overlord  
  21  2:00  Drone  
  22  2:06  Queen  
  24  2:11  Drone  
  25  2:21  Drone  
  26  2:25  Drone  
  27  2:36  Drone x4  
  30  2:39  Metabolic Boost  
  30  2:47  Queen  
  30  2:48  Drone x2  
  34  2:56  Overlord  
  34  2:59  Drone x2  
  35  3:12  Hatchery  
  34  3:16  Zergling x4  
  34  3:18  Zergling x2  
  37  3:20  Zergling x2  
  37  3:24  Zergling x4  
  37  3:26  Drone  
  41  3:31  Drone x2  
  42  3:40  Overlord  
  42  3:41  Drone  
  43  3:51  Drone  
  44  3:57  Overlord  
  44  3:58  Drone x2  
  44  3:59  Drone x4, Queen  
  52  4:09  Overlord  
  52  4:16  Drone  
  53  4:18  Drone  
  53  4:21  Roach Warren  
  52  4:27  Drone, Queen  
  52  4:28  Queen  
  57  4:33  Drone x2, Spine Crawler  
  57  4:36  Zergling x6  
  57  4:38  Zergling x4  
  63  4:40  Zergling x2  
  63  4:41  Zergling x2  
  65  4:47  Zergling x6  
  68  4:56  Overlord  
  68  4:59  Spore Crawler  
  67  5:00  Spore Crawler  
  67  5:01  Roach x3  
  67  5:02  Spore Crawler  
  67  5:05  Roach  
  73  5:16  Roach x4  
  81  5:22  Extractor  
  81  5:23  Overlord  
  81  5:24  Drone x2  
  82  5:35  Drone  
  79  5:37  Lair  
  79  5:40  Drone x3  
  79  5:41  Overlord  
  84  5:44  Roach  
  84  5:49  Roach, Spine Crawler  
  85  5:51  Zergling x8  
  85  5:54  Overlord  
  89  6:02  Overlord  
  89  6:10  Overlord  
  89  6:18  Drone x4  
  92  6:19  Roach x2  
  92  6:22  Roach x3  
  92  6:24  Drone x2  
  105  6:28  Overlord  
  104  6:37  Drone x4  
  104  6:38  Glial Reconstitution  
  108  6:42  Extractor, Overseer  
  108  6:46  Drone x2, Queen  
  111  6:49  Extractor  
  109  6:54  Drone x5  
  109  6:56  Evolution Chamber  
  109  6:57  Roach  
  114  7:03  Drone  
  114  7:07  Drone x3, Extractor  
  117  7:08  Extractor  
  117  7:13  Overseer  
  117  7:14  Drone x2  
  117  7:18  Drone  
  117  7:30  Drone, Zerg Missile Weapons Level 1  
  117  7:32  Drone x3  
  117  7:34  Overlord x2  
  117  7:35  Overlord  
  121  7:40  Queen  
  121  7:42  Drone  
  118  7:48  Drone  
  116  7:52  Roach x4  
  116  7:55  Drone, Baneling Nest  
  116  7:58  Drone  
  125  7:59  Roach  
  125  8:00  Roach x5  
  125  8:05  Hatchery  
  135  8:13  Drone x7  
  135  8:16  Ravager x3  
  135  8:17  Overlord  
  145  8:24  Overlord  
  145  8:29  Overlord  
  145  8:32  Evolution Chamber  
  144  8:34  Overlord  
  144  8:38  Zergling x2  
  144  8:39  Zergling x12  
  151  8:41  Ravager x3  
  151  8:44  Overlord  
  151  8:45  Centrifical Hooks  
  151  8:47  Ravager x2  
  151  8:48  Drone  
  157  8:50  Roach  
  157  8:53  Roach x2, Zergling x4  
  165  8:59  Overlord  
  163  9:03  Roach x2, Zergling x8  
  163  9:04  Zergling x2  
  163  9:07  Overlord  
  172  9:10  Roach  
  174  9:19  Overlord  
  174  9:21  Overlord  
  174  9:24  Baneling x20  
  172  9:25  Drone x3  
  172  9:26  Unknown, Zerg Melee Weapons Level 1  
  172  9:30  Roach, Zergling x12  
  182  9:33  Roach  
  182  9:34  Zergling x2  
  185  9:39  Spine Crawler, Spore Crawler  
  185  9:43  Roach, Zergling x6  
  188  9:51  Drone x2  
  190  9:55  Roach, Zergling x2  
  190  9:59  Baneling x11  
  193  10:00  Baneling x2  
  193  10:04  Drone x2  
  192  10:09  Baneling  
  192  10:10  Baneling x3  
  192  10:12  Zergling x12, Hatchery  
  193  10:30  Zergling x14  
  189  10:40  Zergling x28  
  199  10:49  Baneling x11  
  199  10:59  Pneumatized Carapace  
  199  11:04  Overseer  
  196  11:27  Zergling x2  
  196  11:28  Zergling x22  
  196  11:30  Zergling x16  
  196  11:34  Zergling x6  
  199  11:51  Baneling  
  199  11:52  Baneling x16  
  199  11:56  Drone x2  
  199  11:57  Spine Crawler  
  199  11:58  Drone, Spine Crawler, Spore Crawler  
  199  11:59  Baneling x24  
  199  12:00  Baneling x6  
  195  12:02  Drone x4  
  198  12:13  Drone  
  198  12:14  Infestation Pit  
  198  12:16  Drone  
  199  12:29  Zergling x22  
  183  12:38  Zergling x32  
  183  12:40  Queen  
  185  12:47  Roach x2, Zergling x10  
  181  12:53  Roach x4  
  181  12:55  Zergling x2  
  181  12:56  Roach  
  181  12:57  Roach  
  182  12:59  Queen  
  182  13:02  Baneling x9  
  182  13:03  Baneling x3  
  182  13:04  Roach, Zergling x2  
  184  13:07  Ravager, Baneling x9  
  184  13:08  Ravager x10  
  184  13:10  Zergling x6  
  184  13:12  Zergling x2  

Tags
 
Add a new tag
Caveats
  • Supply blocks, unpowered buildings, or Contaminate may cause inaccurate times.
  • Supply counts are checked every 10 seconds.